 Dungeon Crawl Stone Soup version 0.28-b1-1-g3c77fb2ed1 (webtiles) character file.

Game seed: 11541611955974632718

1189 DildoBatman the Magician (level 8, -8/58 HPs)
             Began as a Formicid Conjurer on Jan 29, 2022.
             Mangled by an orc warrior (16 damage)
             ... in a bailey.
             The game lasted 00:22:50 (5634 turns).

DildoBatman the Magician (Formicid Conjurer)        Turns: 5634, Time: 00:22:51

Health: -8/58      AC:  4    Str: 11    XL:     8   Next: 71%
Magic:  18/18      EV: 12    Int: 19    God:
Gold:   219        SH:  0    Dex: 11    Spells: 18/21 levels left

rFire   + . .      SeeInvis +   a - +1 scimitar
rCold   . . .      Faith    .   (no shield)
rNeg    . . .      Spirit   .   o - +0 robe {rF+}
rPois   .          Reflect  .   (helmet unavailable)
rElec   .          Harm     .   m - scarf {+Inv}
rCorr   .          Rampage  .   n - +0 pair of gloves
Will    .....                   i - +0 pair of boots
Stlth   ++........              (no amulet)
HPRegen 0.19/turn               (no ring)
MPRegen 0.16/turn               (no ring)

@: no status effects
A: permanent stasis, dig shafts and tunnels, antennae 3, four strong arms
a: Dig, Evoke Invisibility


You were in a bailey.
You visited 1 branch of the dungeon, and saw 5 of its levels.
You also visited: Bailey.

You collected 219 gold pieces.

Inventory:

Hand Weapons
 a - a +1 scimitar (weapon)
 b - a +4 arbalest
 c - a +4 halberd
 F - a +0 hunting sling
Missiles
 f - 97 stones
 k - 5 boomerangs
 l - 4 poisoned darts
 p - 34 sling bullets
 r - 23 arrows
 E - 296 bolts
Armour
 i - a +0 pair of boots (worn)
 m - a scarf of invisibility (worn)
 n - a +0 pair of gloves (worn)
 o - a +0 robe of fire resistance (worn)
Jewellery
 A - a ring of ice
 C - a ring of fire
Wands
 x - a wand of acid (1)
Scrolls
 d - 2 scrolls of noise {unknown}
 e - a scroll of amnesia {unknown}
 h - a scroll of enchant armour {unknown}
 j - 4 scrolls of teleportation {unknown}
 q - a scroll of summoning
 u - 2 scrolls of identify {unknown}
 v - a scroll of brand weapon {unknown}
 w - a scroll of holy word {unknown}
 y - a scroll of immolation {unknown}
 D - a scroll of blinking {unknown}
Potions
 g - a potion of attraction {unknown}
 s - 2 potions of curing {unknown}
 t - a potion of magic
 z - a potion of haste {unknown}
 B - a potion of mutation {unknown}


   Skills:
 * Level 3.1 Fighting
 * Level 3.1 Armour
 * Level 2.7 Dodging
 - Level 2.4 Stealth
 - Level 7.0 Spellcasting
 - Level 6.0 Conjurations


You had 18 spell levels left.
You knew the following spells:

 Your Spells              Type           Power      Damage    Failure   Level
a - Searing Ray           Conj           58%        2d6       1%          2
c - Magic Dart            Conj           100%       1d8       1%          1

Your spell library contained the following spells:

 Spells                   Type           Power      Damage    Failure   Level
 Dazzling Flash           Conj/Hex       36%        N/A       9%          3
 Ensorcelled Hibernation  Hex/Ice        12%        N/A       16%         2
 Fulminant Prism          Conj/Hex       9%         3d7       28%         4
 Iskenderun's Mystic Bla  Conj/Tloc      18%        2d6       28%         4
 Spider Form              Tmut/Pois      6%         N/A       30%         3
 Summon Guardian Golem    Hex/Summ       6%         N/A       30%         3
 Fireball                 Conj/Fire      9%         3d6       63%         5
 Anguish                  Hex/Necr       3%         N/A       69%         4
 Starburst                Conj/Fire      9%         6d5       99%         6
 Orb of Destruction       Conj           14%        9d7       100%        7
 Spellforged Servitor     Conj/Summ      9%         N/A       100%        7
 Ignition                 Fire           3%         3d4       100%        8


Dungeon Overview and Level Annotations

Branches:
Dungeon (7/15)             Bailey (1/1)
 Temple: D:4-7

Altars:

Annotations:
D:7 exclusion: electric eel


Innate Abilities, Weirdness & Mutations

You cannot be hasted, slowed, berserked, paralysed or teleported.
You can dig through walls and to a lower floor.
You have a pair of large antennae on your head. (SInv)
Your four strong arms can wield two-handed weapons with a shield.


Message History

The orc warrior closely misses you.
The searing ray hits the orc warrior!
The orc warrior is heavily wounded.
You finish channelling your searing ray.
The orc warrior completely misses you.
Casting: Searing Ray (safe; 1% risk of failure)
Confirm with . or Enter, or press ? or * to list all spells.
Aiming: Searing Ray (safe; 1% risk of failure)
Press: ? - help, Shift-Dir - straight line, f - orc warrior
Aim: an orc warrior, wielding a +0 glaive and wearing a +0 plate armour (heavily wounded, 79% to hit)
The searing ray hits the orc warrior but does no damage.
The orc warrior is heavily wounded. (Press . to maintain the ray.)
The orc warrior closely misses you.
The searing ray hits the orc warrior.
The orc warrior is severely wounded.
The orc warrior hits you with a +0 glaive.
The searing ray hits the orc warrior but does no damage.
The orc warrior is severely wounded.
The orc warrior barely misses you.
Your magical contamination has completely faded away.
The searing ray misses the orc warrior.
You finish channelling your searing ray.
The orc warrior misses you.
Casting: Searing Ray (safe; 1% risk of failure)
Confirm with . or Enter, or press ? or * to list all spells.
Aiming: Searing Ray (safe; 1% risk of failure)
Press: ? - help, Shift-Dir - straight line, f/p - orc warrior
Aim: an orc warrior, wielding a +0 glaive and wearing a +0 plate armour (heavily wounded, 79% to hit)
The searing ray hits the orc warrior.
The orc warrior is severely wounded. (Press . to maintain the ray.)
The orc warrior hits you with a +0 glaive!
The searing ray hits the orc warrior but does no damage.
The orc warrior is severely wounded.
The orc warrior hits you with a +0 glaive!
It was a potion of magic.
Magic courses through your body.
The orc warrior hits you with a +0 glaive!
You die...

### #@##
#################o#
................∩##
................o#
.................#
.................#
......≈≈≈≈≈.....o#
.....≈≈###≈≈.....#
.....≈##.##≈.....#


You could see an orc warrior.

Vanquished Creatures
  4 orc warriors (Bailey)
  A sky beast (D:7)
  A phantom (D:4)
  A scorpion (D:4)
  4 wights (D:7)
  A howler monkey (D:7)
  A hound (D:4)
  2 jellies (D:4)
  3 bullfrog skeletons (D:4)
  A centaur skeleton (D:7)
  An orc wizard (D:3)
  A hound skeleton (D:4)
  4 adders
  A white imp (D:7)
  2 ufetubi (D:7)
  An adder skeleton (D:4)
  2 worms
  A dart slug (D:3)
  18 orcs
  4 ball pythons
  6 endoplasms
  2 giant cockroaches
  6 goblins
  6 hobgoblins
  10 jackals
  A quokka (D:1)
  3 bats
  6 frilled lizards
  3 kobolds
  3 rats
100 creatures vanquished.

Notes
Turn   | Place    | Note
-------+----------+-------------------------------------------
     0 | D:1      | DildoBatman the Formicid Conjurer began the quest for the
                  | Orb.
     0 | D:1      | Reached XP level 1. HP: 13/13 MP: 3/3
   193 | D:1      | Reached XP level 2. HP: 19/19 MP: 3/5
   196 | D:1      | Learned a level 2 spell: Searing Ray
   718 | D:2      | Reached XP level 3. HP: 12/24 MP: 1/6
   958 | D:2      | Found a faded altar of an unknown god.
  1184 | D:2      | Reached XP level 4. HP: 24/30 MP: 0/7
  1464 | D:3      | Reached skill level 5 in Conjurations
  2112 | D:3      | Reached XP level 5. HP: 35/35 MP: 3/8
  2525 | D:4      | Reached XP level 6. HP: 27/41 MP: 3/10
  2639 | D:4      | Reached skill level 4 in Spellcasting
  2993 | D:4      | Reached skill level 1 in Fighting
  2993 | D:4      | Reached skill level 1 in Armour
  2993 | D:4      | Reached XP level 7. HP: 46/48 MP: 7/13
  3094 | D:4      | Found Idath's Book Boutique.
  3152 | D:4      | You fall into a shaft and drop 3 floors!
  3335 | D:7      | Reached skill level 5 in Spellcasting
  3533 | D:7      | Reached skill level 6 in Spellcasting
  3533 | D:7      | Reached XP level 8. HP: 28/56 MP: 4/17
  3583 | D:7      | Found a flagged portal.
  3663 | Bailey   | Entered a bailey
  4406 | Bailey   | Reached skill level 7 in Spellcasting
  5449 | Bailey   | Noticed an orc knight
  5634 | Bailey   | Mangled by an orc warrior

Illustrated notes

Levels and vault maps discovered:
D:1:      minmay_arrival_cross, layout_rooms
D:2:      layout_basic, shapermc_ecumenical_altar_starsandcircs
D:3:      layout_basic
D:4:      layout_gridville, serial_shops, nicolae_shop_behind_doors
D:7:      layout_rooms, serial_aquarium, aquarium_bridge_straight
          [aquarium_subvault_bridge, aquarium_subvault_window,
          aquarium_subvault_bridge, aquarium_subvault_wall],
          aquarium_window_corridor_3, aquarium_window_1, aquarium_window_fake,
          aquarium_view_2c, aquarium_view_2f, aquarium_balcony_double_4,
          enter_bailey_4
Bailey:   bailey_polearm_2, bailey

Skill      XL: |  1  2  3  4  5  6  7  8 |
---------------+-------------------------+-----
Conjurations   | 4 5 6 |  6.0
Spellcasting   | 4 6 7 |  7.0
Fighting       | 1 2 3 |  3.1
Armour         | 1 2 3 |  3.1
Dodging        | 2 |  2.7
Stealth        | |  2.4

Action                   |  1- 3 |  4- 6 |  7- 9 || total
-------------------------+-------+-------+-------++-------
Melee: Dagger            |     5 |    24 |       ||    29
       Quarterstaff      |       |       |     5 ||     5
       Scimitar          |       |       |     1 ||     1
       Halberd           |       |       |     9 ||     9
 Fire: Hunting sling     |       |     2 |    15 ||    17
       Arbalest          |       |       |     3 ||     3
 Cast: Magic Dart        |    38 |    16 |     1 ||    55
       Searing Ray       |     7 |    27 |    44 ||    78
 Abil: Dig               |       |     1 |     5 ||     6
  Use: Potion            |       |       |     1 ||     1
 Stab: Sleeping          |       |     1 |       ||     1
Armor: Robe              |     4 |    12 |    27 ||    43
Dodge: Dodged            |     5 |    28 |    71 ||   104
